AoeStats
← AiM | Facu1414

African Clearing

506524128Analyzed
4v4 RM · 18d ago on Sep 13, 2026· 49m 44s· 8 players
Game mode
Random Map
Map size
Large (8 player)
Population
200
Speed
Normal
Resources
Standard
Victory
Conquest
Starting age
Dark Age
Ending age
Imperial Age
RankedLock teamsTeams togetherTeam positionsShared explorationLock speedFull tech treeHidden civsTurbo modeCheats
Victory
Defeat
🇦🇷 Aztecs · Argentina
1616
+12
🇲🇽 Maya · Mexico
1592
+13
🇧🇷 Mapuche · Brazil
1573
+13
🇧🇷 Vietnamese · Brazil
1283
+25
🇨🇱 Magyars · Chile
1589
-19
🇦🇷 Cumans · Argentina
1557
-18
🇨🇱 Tupi · Chile
1552
-17
🇨🇱 Persians · Chile
1341
-9
AiM | Facu1414
4:13 Loom
12:36 Feudal Age
21:46 Double-Bit Axe
22:36 Fletching
24:32 Horse Collar
29:12 Padded Archer Armor
32:46 Castle Age
31:57 Scale Barding Armor
32:02 Forging
32:09 Bloodlines
33:48 Chain Barding Armor
35:05 Capped Ram
36:33 Elite Skirmisher
39:06 Bodkin Arrow
40:54 Leather Archer Armor
42:21 Ballistics
45:19 Thumb Ring
45:36 Light Cavalry
AiM | Pau
4:30 Loom
14:51 Feudal Age
19:36 Castle Age
AiM | PoRRo
10:11 Loom
12:33 Feudal Age
13:10 Double-Bit Axe
14:53 Fletching
20:42 Wheelbarrow
28:33 Castle Age
27:57 Horse Collar
28:25 Gold Mining
29:24 Husbandry
30:02 Bow Saw
30:02 Bodkin Arrow
30:39 Bloodlines
30:31 Padded Archer Armor
34:12 Ballistics
35:01 Thumb Ring
45:06 Imperial Age
43:12 Heavy Plow
46:59 Chemistry
AiM | Shuffle
13:17 Feudal Age
14:55 Double-Bit Axe
17:11 Castle Age
15:44 Loom
16:33 Gold Mining
16:49 Horse Collar
18:03 Fletching
18:25 Bow Saw
21:37 Bodkin Arrow
23:15 Padded Archer Armor
27:22 Stone Mining
30:52 Heavy Plow
32:46 Wheelbarrow
36:29 Imperial Age
35:44 Ballistics
36:12 Leather Archer Armor
37:17 Bracer
38:41 Chemistry
40:42 Ring Archer Armor
40:25 Elite Blackwood Archer
42:41 Ring Archer Armor
43:49 Conscription
43:32 Scale Mail Armor
43:45 Squires
45:29 Curare
46:08 Chain Mail Armor
46:36 Forging
47:31 Elite Ibirapema Warrior
49:43 Hand Cart
50:41 Gold Shaft Mining
GAX | Thui
3:15 Loom
13:31 Feudal Age
15:21 Double-Bit Axe
15:52 Fletching
17:57 Padded Archer Armor
20:18 Horse Collar
27:41 Castle Age
26:30 Stone Mining
26:31 Gold Mining
29:30 Wheelbarrow
29:32 Bodkin Arrow
30:26 Bow Saw
31:40 Leather Archer Armor
35:28 Ballistics
34:52 Crossbowman
36:41 Thumb Ring
42:42 Imperial Age
43:14 Heavy Plow
42:54 Arbalester
43:36 Bracer
45:35 Paper Money
45:47 Capped Ram
48:43 Hand Cart
49:38 Chemistry
49:18 Elite Rattan Archer
GAX | Urubu
9:22 Loom
11:46 Feudal Age
12:36 Double-Bit Axe
13:23 Horse Collar
16:37 Fletching
23:07 Castle Age
21:49 Padded Archer Armor
22:23 Gold Mining
23:49 Bodkin Arrow
24:37 Wheelbarrow
24:22 Elite Skirmisher
26:04 Leather Archer Armor
34:32 Malon
36:20 Ballistics
40:58 Imperial Age
42:04 Conscription
42:30 Ring Archer Armor
42:10 Elite Bolas Rider
gyNNNNN
9:36 Loom
13:26 Feudal Age
14:47 Double-Bit Axe
17:12 Castle Age
16:51 Scale Mail Armor
17:50 Eagle Warrior
21:09 Chain Mail Armor
25:13 Horse Collar
26:44 Squires
26:56 Forging
30:52 Bow Saw
33:44 Wheelbarrow
37:20 Gold Mining
40:27 Imperial Age
38:50 Iron Casting
39:29 Hand Cart
39:07 Arson
39:07 Gambesons
40:44 Elite Eagle Warrior
42:23 Plate Mail Armor
42:54 Garland Wars
44:04 Blast Furnace
45:07 Padded Archer Armor
44:58 Fletching
45:42 Heavy Plow
49:19 Conscription
49:07 Atlatl
48:28 Elite Jaguar Warrior
GAX | ERV
12:18 Loom
14:27 Feudal Age
15:09 Double-Bit Axe
15:25 Gold Mining
15:59 Fletching
16:41 Padded Archer Armor
22:28 Wheelbarrow
27:08 Castle Age
27:47 Bodkin Arrow
32:47 Elite Skirmisher
36:05 Horse Collar
42:24 Leather Archer Armor
42:22 Bow Saw
Connection lost

Rejoining the realm…

Still unreachable

The connection could not be restored.

Session expired

The server has moved on; the page needs a fresh start.